 Dungeon Crawl Stone Soup version 0.19.0-19-g8c6edcc (webtiles) character file.

171 Remedyn the Shield-Bearer (level 5, -3/42 HPs)
             Began as a Formicid Fighter on Nov 14, 2016.
             Was a Follower of Fedhas.
             Slain by a hobgoblin (5 damage)
             ... on level 3 of the Dungeon.
             The game lasted 00:12:33 (3290 turns).

Remedyn the Shield-Bearer (Formicid Fighter)        Turns: 3290, Time: 00:12:34

Health: -3/42      AC:  7    Str: 21    XL:     5   Next: 81%
Magic:  5/5        EV:  9    Int:  8    God:    Fedhas [*.....]
Gold:   133        SH: 11    Dex: 10    Spells: 0 memorised, 4 levels left

rFire  . . .     SeeInvis +     a - +0 war axe
rCold  + . .     Gourm    .     b - +0 scale mail
rNeg   . . .     Faith    .     c - +1 shield
rPois  .         Spirit   .     (helmet unavailable)
rElec  .         Reflect  .     (no cloak)
rCorr  .         Harm     .     (no gloves)
MR     .....                    (no boots)
Stlth  ..........               i - amulet of inaccuracy (curse)
                                (no ring)
                                j - ring of protection from cold

@: no status effects
A: permanent stasis, dig shafts and tunnels, four strong arms, antennae 3
a: Dig, Shaft Self, Fungal Bloom, Evolution, Renounce Religion


You were on level 3 of the Dungeon.
You worshipped Fedhas.
Fedhas was aware of your devotion.
You were not hungry.

You visited 1 branch of the dungeon, and saw 3 of its levels.

You collected 133 gold pieces.

Inventory:

Hand Weapons
 a - a +0 war axe (weapon)
Missiles
 h - 62 stones (quivered)
Armour
 b - a +0 scale mail (worn)
 c - a +1 shield (worn)
 m - a +0 leather armour
Jewellery
 i - a cursed amulet of inaccuracy (around neck)
 j - a ring of protection from cold (left hand)
Scrolls
 n - a scroll of amnesia
 p - a scroll of remove curse {unknown}
Potions
 d - 2 potions of might
 e - 2 potions of berserk rage
 g - a potion of flight {unknown}
 k - a potion of lignification {unknown}
Comestibles
 f - 2 bread rations
 l - a royal jelly
 o - 5 fruits


   Skills:
 + Level 4.0 Fighting
 + Level 3.2 Axes
 + Level 4.0 Armour
 + Level 1.2 Dodging
 + Level 5.0 Shields


You had 4 spell levels left.
You didn't know any spells.

Dungeon Overview and Level Annotations

Branches:
Dungeon (3/15)

Altars:
Dithmenos
Fedhas

Annotations:
D:3 Robin


Innate Abilities, Weirdness & Mutations

You are under a permanent stasis effect.
You can dig through walls and to a lower floor.
Your four strong arms can wield two-handed weapons with a shield.
You have a pair of large antennae on your head. (SInv)


Message History

The kobold throws a stone.
You block the stone.
You see here a club.
The ball python closely misses you. You block the ball python's attack.
You barely miss the goblin. You closely miss the frilled lizard.
You barely miss the ball python. You block the ball python's attack. x2
The frilled lizard bites you but does no damage.
The goblin hits you with a club!
* * * LOW HITPOINT WARNING * * *
You barely miss the ball python. You completely miss the goblin.
You hit the frilled lizard.
You kill the frilled lizard!
The ball python bites you but does no damage.
You block the ball python's attack. The goblin closely misses you.
Robin roars a battlecry!
The hobgoblin goes into a battle-frenzy!
You block the ball python's attack. x2
The hobgoblin hits you but does no damage.
The hobgoblin hits you.
You die...
Fedhas appreciates your contribution to the ecosystem.

............###.#.#
##..#...(.#####...####
#..####.....)........#
#.####...÷##)#.......#
.........†)))........#
....###.#...†........#
.. #...#.#....K....# .
.......##.gg#####
#..#.##....KS@....#
.........#.gg.....# .
.......##.......#
........ #(.......#
.... #........#
#........# #........#
##########


You could see Robin, 2 hobgoblins, a goblin, a ball python and 2 kobolds.

Vanquished Creatures
  4 gnolls (D:2)
  5 adders (D:2)
  A worm (D:2)
  A dart slug (D:2)
  5 leopard geckos
  5 giant cockroaches
  17 goblins
  10 hobgoblins
  2 jackals (D:3)
  7 kobolds
  7 bats
  6 frilled lizards
  4 rats
74 creatures vanquished.

Vanquished Creatures (others)
  8 toadstools
8 creatures vanquished.

Grand Total: 82 creatures vanquished

Notes
Turn   | Place    | Note
-------+----------+-------------------------------------------
     0 | D:1      | Remedyn the Formicid Fighter began the quest for the Orb.
     0 | D:1      | Reached XP level 1. HP: 18/18 MP: 1/1
   196 | D:1      | Reached XP level 2. HP: 24/24 MP: 2/2
   300 | D:1      | Reached skill level 4 in Shields
   363 | D:1      | Reached XP level 3. HP: 21/29 MP: 3/3
  1080 | D:2      | Reached XP level 4. HP: 30/37 MP: 4/4
  1566 | D:2      | Found a faded altar of an unknown god.
  1836 | D:2      | Became a worshipper of Fedhas Madash
  1836 | D:2      | Reached * piety under Fedhas
  1932 | D:2      | Reached skill level 1 in Dodging
  1932 | D:2      | Reached XP level 5. HP: 10/42 MP: 5/5
  2374 | D:2      | Found a blossoming altar of Fedhas.
  2383 | D:2      | Found a shadowy altar of Dithmenos.
  2707 | D:2      | HP: 1/42 [gnoll/spear (5)]
  2708 | D:2      | Reached skill level 5 in Shields
  3023 | D:2      | Found a blossoming altar of Fedhas.
  3081 | D:2      | Noticed an oklob plant
  3250 | D:3      | Noticed Robin
  3289 | D:3      | HP: 1/42 [goblin/club[Robin] (7)]
  3290 | D:3      | Slain by a hobgoblin

Skill      XL: |  1  2  3  4  5 |
---------------+----------------+-----
Shields        | 4 5 |  5.0
Dodging        | 1 |  1.2
Axes           | 3 |  3.2
Fighting       | 4 |  4.0
Armour         | 4 |  4.0

Action                   |  1- 3 |  4- 6 || total
-------------------------+-------+-------++-------
Melee: War axe           |   195 |   233 ||   428
Invok: Fungal Bloom      |       |     4 ||     4
  Use: Scroll            |     2 |     3 ||     5
  Eat: Chunk             |     1 |     1 ||     2
       Bread ration      |       |     2 ||     2
Armor: Scale mail        |   108 |   124 ||   232
Dodge: Dodged            |   100 |   109 ||   209
Block: Shield            |   161 |   216 ||   377
